 Dungeon Crawl Stone Soup version 0.29.1-2-gbd0b4ee654 (webtiles) character file.

Game seed: 8043146882716405163

261 MisterFreud the Covert (level 6, -4/53 HPs)
             Began as a Gnoll Delver on Nov 16, 2022.
             Slain by an iguana (12 damage)
             ... on level 5 of the Dungeon.
             The game lasted 00:05:17 (3281 turns).

MisterFreud the Covert (Gnoll Delver)               Turns: 3281, Time: 00:05:18

Health: -4/53      AC:  5    Str: 11    XL:     6   Next: 18%
Magic:  8/8        EV: 12    Int: 12    God:
Gold:   128        SH:  5    Dex: 13    Spells: 8/8 levels left

rFire   . . .      SeeInvis .   a - +1 short sword
rCold   . . .      Faith    .   (no shield)
rNeg    . . .      Spirit   .   l - +0 ring mail
rPois   .          Reflect  +   (no helmet)
rElec   .          Harm     .   (no cloak)
rCorr   .          Rampage  .   (no gloves)
Will    .....                   (no boots)
Stlth   ++++......              m - amulet of reflection
HPRegen 0.17/turn               p - ring of wizardry
MPRegen 0.11/turn               (no ring)

@: about to teleport
A: fangs 1, strong nose, distributed training
a: no special abilities


You were on level 5 of the Dungeon.
You visited 1 branch of the dungeon, and saw 6 of its levels.

You collected 128 gold pieces.

Inventory:

Hand Weapons
 a - a +1 short sword (weapon)
Missiles
 i - 6 poisoned darts (quivered)
 k - 5 boomerangs
Armour
 b - a +0 leather armour
 l - a +0 ring mail (worn)
Jewellery
 m - an amulet of reflection (around neck)
 p - a ring of wizardry (left hand)
Wands
 g - a wand of digging (2)
Scrolls
 c - a scroll of fog
 d - a scroll of magic mapping
 e - a scroll of fear
 h - a scroll of enchant weapon
 o - 2 scrolls of identify
Potions
 f - 2 potions of haste
 j - 6 potions of curing
 n - 2 potions of flight
 q - 2 potions of might


   Skills:
 + Level 6.8 Fighting
 + Level 5.0 Short Blades
 + Level 1.9 Long Blades
 + Level 1.9 Axes
 + Level 1.9 Maces & Flails
 + Level 1.9 Polearms
 + Level 1.9 Staves
 + Level 1.9 Ranged Weapons
 + Level 1.9 Throwing
 + Level 1.9 Armour
 + Level 5.0 Dodging
 + Level 9.8 Stealth
 + Level 1.9 Shields
 + Level 1.9 Unarmed Combat
 + Level 1.9 Spellcasting
 + Level 1.5 Conjurations
 + Level 1.5 Hexes
 + Level 1.5 Summonings
 + Level 1.5 Necromancy
 + Level 1.5 Translocations
 + Level 1.5 Transmutations
 + Level 1.5 Fire Magic
 + Level 1.5 Ice Magic
 + Level 1.5 Air Magic
 + Level 1.5 Earth Magic
 + Level 1.5 Poison Magic
 + Level 2.1 Invocations
 + Level 1.9 Evocations


You had 8 spell levels left.
You didn't know any spells.
Your spell library contained the following spells:

 Spells                   Type           Power      Damage    Failure   Level
 Fulminant Prism          Conj/Hex       2%         3d6       77%         4
 Iskenderun's Mystic Bla  Conj/Tloc      4%         2d3       77%         4
 Lee's Rapid Deconstruct  Erth           2%         3d5*      97%         5


Dungeon Overview and Level Annotations

Branches:
Dungeon (6/15)
 Temple: D:4-7

Altars:
Cheibriados
Kikubaaqudgha
Ru

Shops:
D:3 *[   D:4 =

Annotations:
D:5 Blork the orc, Prince Ribbit


Innate Abilities, Weirdness & Mutations

You have very sharp teeth.
Your uncanny sense of smell can sniff out nearby items.
Your experience applies equally to all skills.


Message History

The gnoll is moderately wounded.
The gnoll hits you with a +0 flail!
* * * LOW HITPOINT WARNING * * *
You hit the gnoll.
The gnoll is heavily wounded.
The gnoll closely misses you.
You hit the gnoll.
The gnoll is almost dead.
You block the gnoll's attack.
You closely miss the gnoll.
The gnoll is almost dead.
The gnoll barely misses you.
You hit the gnoll.
The gnoll is almost dead.
You block the gnoll's attack.
You completely miss the gnoll.
The gnoll is almost dead.
Blork the orc screams, "I'll break your arms!"
You hit the gnoll.
You kill the gnoll!
Your Short Blades skill increases to level 5!
Your Dodging skill increases to level 5!
Unknown command.
Unknown command.
Unknown command.
As you read the scroll of teleportation, it crumbles to dust.
You feel strangely unstable. The iguana bites you.
* * * LOW HITPOINT WARNING * * *
You barely miss the iguana. The iguana closely misses you.
You hit the iguana.
The iguana is lightly wounded.
The iguana bites you but does no damage.
You hit the iguana but do no damage.
The iguana is lightly wounded.
Prince Ribbit blinks!
The iguana bites you.
* * * LOW HITPOINT WARNING * * *
You hit the iguana. You punch the iguana.
The iguana is heavily wounded.
The iguana bites you!
You die...

#.......#.
#...#.....
##.......#.
#..<.......
##g......#..
##og......#
##l#..........
##l###.........
#@## #.........
#.##
####.........
#.. ##......#.
#... #.......#.
.....
...)....#.
#.###.
.......... #..
.. ..........
#. ..
..........
.......>..


You could see Blork the orc (fast), 2 iguanas and 2 gnolls.

Vanquished Creatures
  2 iguanas (D:5)
  Natasha (twice) (D:3)
  4 adders
  A gnoll (D:5)
  2 ufetubi (D:4)
  3 worms
  2 orcs (D:3)
  5 bat skeletons (D:3)
  A bat zombie (D:3)
  11 endoplasms
  2 giant cockroaches
  9 goblins
  10 hobgoblins
  4 jackals
  4 kobolds
  3 quokkas
  9 ball pythons
  9 bats
  3 frilled lizards
  A rat (D:3)
87 creatures vanquished.

Vanquished Creatures (others)
  2 plants (D:4)
2 creatures vanquished.

Grand Total: 89 creatures vanquished

Notes
Turn   | Place    | Note
-------+----------+-------------------------------------------
     0 | D:5      | Reached skill level 9 in Stealth
     0 | D:5      | MisterFreud the Gnoll Delver began the quest for the Orb.
     0 | D:5      | Reached XP level 1. HP: 23/23 MP: 1/1
    45 | D:4      | Noticed a lemure
    47 | D:4      | Found a sacrificial altar of Ru.
   262 | D:4      | Reached XP level 2. HP: 19/29 MP: 2/2
   545 | D:2      | Reached XP level 3. HP: 23/35 MP: 3/3
   827 | D:1      | Reached skill level 1 in Invocations
  1361 | D:1      | Reached skill level 1 in Long Blades
  1361 | D:1      | Reached skill level 1 in Axes
  1361 | D:1      | Reached skill level 1 in Maces & Flails
  1361 | D:1      | Reached skill level 1 in Polearms
  1361 | D:1      | Reached skill level 1 in Staves
  1361 | D:1      | Reached skill level 1 in Ranged Weapons
  1361 | D:1      | Reached skill level 1 in Throwing
  1361 | D:1      | Reached skill level 1 in Armour
  1361 | D:1      | Reached skill level 1 in Shields
  1361 | D:1      | Reached skill level 1 in Unarmed Combat
  1361 | D:1      | Reached skill level 1 in Spellcasting
  1361 | D:1      | Reached skill level 1 in Evocations
  1639 | D:2      | Reached XP level 4. HP: 39/41 MP: 5/5
  1850 | D:2      | Found a faded altar of an unknown god.
  1881 | D:2      | Reached skill level 1 in Conjurations
  1881 | D:2      | Reached skill level 1 in Hexes
  1881 | D:2      | Reached skill level 1 in Summonings
  1881 | D:2      | Reached skill level 1 in Necromancy
  1881 | D:2      | Reached skill level 1 in Translocations
  1881 | D:2      | Reached skill level 1 in Transmutations
  1881 | D:2      | Reached skill level 1 in Fire Magic
  1881 | D:2      | Reached skill level 1 in Ice Magic
  1881 | D:2      | Reached skill level 1 in Air Magic
  1881 | D:2      | Reached skill level 1 in Earth Magic
  1881 | D:2      | Reached skill level 1 in Poison Magic
  2336 | D:3      | Found Gefa's General Store.
  2507 | D:3      | Reached XP level 5. HP: 47/47 MP: 7/7
  2616 | D:3      | Found a snail-covered altar of Cheibriados.
  2797 | D:3      | Noticed Natasha
  2804 | D:3      | Killed Natasha
  2843 | D:3      | Found Ymuylau's Antique Armour Shop.
  2937 | D:3      | Found an ancient bone altar of Kikubaaqudgha.
  3048 | D:4      | Found Witocw's Jewellery Boutique.
  3141 | D:3      | Noticed Natasha
  3151 | D:3      | Killed Natasha
  3223 | D:5      | Noticed Prince Ribbit
  3238 | D:5      | Noticed a phantom
  3252 | D:5      | Reached XP level 6. HP: 29/53 MP: 8/8
  3259 | D:5      | Identified the +7 rapier "Raan" {vorpal, rPois rC+ Int+3
                  | Dex+3}
  3259 | D:5      | Noticed Blork the orc
  3277 | D:5      | Reached skill level 5 in Short Blades
  3277 | D:5      | Reached skill level 5 in Dodging
  3281 | D:5      | Slain by an iguana

Illustrated notes

Levels and vault maps discovered:
D:1:      dpeg_arrival_houses_and_road, layout_basic
D:2:      layout_loops_cross, hellmonk_ecumenical_altar_blasted
D:3:      layout_rooms, kennysheep_vampire_church, cheibrodos_worm_habitat,
          serial_shops, nicolae_diamond_shop,
          nicolae_shop_temple_entry_statues_fountains, minmay_misc_feat_x,
          dk_noncrumbling_3, minmay_ruptured, uniq_natasha
D:4:      layout_cave_pools, overflow_temple_1_default,
          mainiacjoe_overflow_chevrons, serial_shops,
          nicolae_inconvenience_store, serial_demonic, serial_demonic_c,
          serial_demonic_a, serial_demonic_g, serial_demonic_c, uniq_pikel
D:5:      layout_cave_pools, serial_column_ruins, column_ruins_hut,
          column_ruins_hut, column_ruins_open_medium, column_ruins_open_tiny,
          column_ruins_grid_2, roderic_roman_lattice, uniq_prince_ribbit1,
          uniq_blork_the_orc
D:6:      layout_rooms, grunt_qazlal_clouds, minmay_temple_entry_proselytizer,
          uniq_eustachio

Skill      XL: |  1  2  3  4  5  6 |
---------------+-------------------+-----
Stealth        | |  9.8
Invocations    | 1 2 |  2.1
Long Blades    | 1 |  1.9
Axes           | 1 |  1.9
Maces & Flails | 1 |  1.9
Polearms       | 1 |  1.9
Staves         | 1 |  1.9
Ranged Weapons | 1 |  1.9
Throwing       | 1 |  1.9
Armour         | 1 |  1.9
Shields        | 1 |  1.9
Unarmed Combat | 1 |  1.9
Spellcasting   | 1 |  1.9
Evocations     | 1 |  1.9
Conjurations   | 1 |  1.5
Hexes          | 1 |  1.5
Summonings     | 1 |  1.5
Necromancy     | 1 |  1.5
Translocations | 1 |  1.5
Transmutations | 1 |  1.5
Fire Magic     | 1 |  1.5
Ice Magic      | 1 |  1.5
Air Magic      | 1 |  1.5
Earth Magic    | 1 |  1.5
Poison Magic   | 1 |  1.5
Short Blades   | 5 |  5.0
Dodging        | 5 |  5.0
Fighting       | |  6.8

Action                   |  1- 3 |  4- 6 || total
-------------------------+-------+-------++-------
Melee: Short sword       |   131 |   161 ||   292
       Bite              |     9 |     9 ||    18
       Punch             |     2 |     3 ||     5
Evoke: Wand              |       |     1 ||     1
  Use: Scroll            |     5 |     6 ||    11
 Stab: Sleeping          |    13 |    21 ||    34
       Distracted        |     1 |       ||     1
Armor: Leather armour    |     6 |       ||     6
       Ring mail         |    41 |    42 ||    83
Dodge: Dodged            |    79 |    62 ||   141
Block: Other             |       |    34 ||    34
       Reflection        |       |     1 ||     1
